[ AOE2 MATCH · #484772333 ]
Team RMBohemians vs Franks
[ REPLAY ANALYSIS · EXTRACTED FROM THE RECORDED GAME ]
Feudal
—
Castle
—
Imperial
—
| APM avg | 24.2 |
| APM peak | 40 |
| eAPM avg | 11.5 |
| Villagers / military | 21 / 0 |
Focus
⚔️ 3.0% · 🌾 97.0%
Feudal
—
Castle
—
Imperial
—
| APM avg | 27.3 |
| APM peak | 52 |
| eAPM avg | 8.6 |
| Villagers / military | 28 / 0 |
Focus
⚔️ 0.0% · 🌾 100.0%
Feudal
—
Castle
—
Imperial
—
| APM avg | 36.1 |
| APM peak | 61 |
| eAPM avg | 13.3 |
| Villagers / military | 24 / 0 |
Focus
⚔️ 7.4% · 🌾 92.6%
Feudal
—
Castle
—
Imperial
—
| APM avg | 17.1 |
| APM peak | 25 |
| eAPM avg | 7.8 |
| Villagers / military | 25 / 0 |
Focus
⚔️ 10.1% · 🌾 89.9%
Feudal
—
Castle
—
Imperial
—
| APM avg | 28.9 |
| APM peak | 55 |
| eAPM avg | 11.8 |
| Villagers / military | 35 / 0 |
Focus
⚔️ 2.2% · 🌾 97.8%
Feudal
—
Castle
—
Imperial
—
| APM avg | 22.1 |
| APM peak | 35 |
| eAPM avg | 7.5 |
| Villagers / military | 19 / 0 |
Focus
⚔️ 15.3% · 🌾 84.7%
Feudal
—
Castle
—
Imperial
—
| APM avg | 13.6 |
| APM peak | 27 |
| eAPM avg | 4.9 |
| Villagers / military | 20 / 0 |
Focus
⚔️ 0.0% · 🌾 100.0%
Feudal
—
Castle
—
Imperial
—
| APM avg | 22.5 |
| APM peak | 33 |
| eAPM avg | 9.6 |
| Villagers / military | 27 / 0 |
Focus
⚔️ 3.5% · 🌾 96.5%
Match map
Initial resources + every placement click. Lines = walls · curves = elevation contours. ◆ gold · ⬟ stone · ● berries · ✦ relic · ◌ wall gap
Your base
老朱's base
Flamingo's base
auuuustyn's base
Reis's base
小志's base
Cicinho's base
PAON's base
Smoothed initial terrain · ◌ = detected wall gap · hover for details
Inputs per minute
— DOGR14 - - 老朱
Build order — DOGR14
33 actions detected in the replay
| 0:04 | Create | Villager (Male) |
| 0:04 | Create | Villager (Male) |
| 0:06 | Build | House |
| 0:09 | Build | House |
| 0:23 | Create | Villager (Male) |
| 0:43 | Create | Villager (Male) |
| 1:29 | Create | Villager (Male) |
| 1:56 | Build | Lumber Camp |
| 2:14 | Create | Villager (Male) |
| 2:29 | Create | Villager (Male) |
| 2:58 | Build | Palisade Wall |
| 3:16 | Create | Villager (Male) |
| 3:43 | Create | Villager (Male) |
| 4:03 | Build | House |
| 4:19 | Create | Villager (Male) |
| 4:21 | Create | Villager (Male) |
| 4:43 | Create | Villager (Male) |
| 4:46 | Build | Mill |
| 5:07 | Build | House |
| 5:30 | Create | Villager (Male) |
| 6:04 | Build | House |
| 6:06 | Create | Villager (Male) |
| 6:20 | Create | Villager (Male) |
| 6:39 | Create | Villager (Male) |
| 6:50 | Build | House |
| 7:12 | Build | Farm |
| 7:45 | Create | Villager (Male) |
| 7:45 | Create | Villager (Male) |
| 7:52 | Build | Farm |
| 8:13 | Build | Farm |
| 8:36 | Create | Villager (Male) |
| 9:03 | Create | Villager (Male) |
| 9:29 | Create | Villager (Male) |
Build order — 老朱
34 actions detected in the replay
| 0:03 | Research | Loom |
| 0:04 | Create | Villager (Male) ×4 |
| 0:04 | Create | Villager (Male) ×4 |
| 0:09 | Build | House |
| 0:10 | Build | House |
| 0:10 | Build | House |
| 1:30 | Build | House |
| 1:48 | Create | Villager (Male) |
| 1:48 | Create | Villager (Male) |
| 2:33 | Create | Villager (Male) |
| 2:33 | Create | Villager (Male) |
| 2:48 | Create | Villager (Male) |
| 2:48 | Create | Villager (Male) |
| 3:08 | Create | Villager (Male) |
| 3:34 | Create | Villager (Male) |
| 3:49 | Create | Villager (Male) |
| 4:24 | Create | Villager (Male) ×2 |
| 4:39 | Build | Lumber Camp |
| 5:13 | Create | Villager (Male) |
| 5:13 | Create | Villager (Male) |
| 6:09 | Create | Villager (Male) |
| 6:10 | Create | Villager (Male) |
| 6:10 | Create | Villager (Male) |
| 6:33 | Create | Villager (Male) |
| 6:34 | Create | Villager (Male) |
| 7:38 | Create | Villager (Male) |
| 7:38 | Create | Villager (Male) |
| 8:20 | Build | Mill |
| 8:36 | Build | House |
| 8:39 | Build | House |
| 8:41 | Build | House |
| 9:14 | Build | Mill |
| 9:31 | Research | Feudal Age |
| 9:31 | Research | Feudal Age |
Build order — Flamingo
31 actions detected in the replay
| 0:03 | Build | House |
| 0:05 | Build | House |
| 0:05 | Create | Villager (Male) |
| 0:07 | Research | Loom |
| 0:07 | Create | Villager (Male) |
| 0:08 | Create | Villager (Male) |
| 0:08 | Create | Villager (Male) |
| 1:45 | Create | Villager (Male) |
| 1:45 | Create | Villager (Male) |
| 2:40 | Build | Lumber Camp |
| 2:42 | Create | Villager (Male) |
| 2:42 | Create | Villager (Male) |
| 2:42 | Create | Villager (Male) |
| 3:10 | Create | Villager (Male) |
| 3:10 | Create | Villager (Male) |
| 3:14 | Create | Villager (Male) |
| 3:15 | Create | Villager (Male) |
| 3:59 | Create | Villager (Male) |
| 4:00 | Create | Villager (Male) |
| 4:51 | Build | House |
| 5:14 | Create | Villager (Male) |
| 5:26 | Build | House |
| 5:41 | Create | Villager (Male) |
| 6:09 | Create | Villager (Male) |
| 6:09 | Create | Villager (Male) |
| 6:23 | Create | Villager (Male) |
| 6:49 | Create | Villager (Male) |
| 7:04 | Create | Villager (Male) |
| 7:16 | Create | Villager (Male) |
| 8:27 | Build | Mill |
| 8:42 | Create | Villager (Male) |
Build order — auuuustyn
37 actions detected in the replay
| 0:01 | Create | Villager (Male) |
| 0:01 | Create | Villager (Male) |
| 0:02 | Create | Villager (Male) |
| 0:02 | Create | Villager (Male) |
| 0:02 | Create | Villager (Male) |
| 0:05 | Build | House |
| 0:07 | Build | House |
| 1:50 | Create | Villager (Male) |
| 2:21 | Create | Villager (Male) |
| 2:38 | Create | Villager (Male) |
| 2:58 | Build | Lumber Camp |
| 3:12 | Create | Villager (Male) |
| 3:49 | Create | Villager (Male) |
| 3:50 | Create | Villager (Male) |
| 3:50 | Create | Villager (Male) |
| 3:50 | Create | Villager (Male) |
| 4:22 | Build | Mill |
| 4:47 | Build | House |
| 5:07 | Create | Villager (Male) |
| 5:08 | Create | Villager (Male) |
| 5:08 | Create | Villager (Male) |
| 5:08 | Create | Villager (Male) |
| 5:21 | Build | House |
| 6:22 | Create | Villager (Male) |
| 6:23 | Create | Villager (Male) |
| 6:23 | Create | Villager (Male) |
| 7:11 | Create | Villager (Male) |
| 7:45 | Build | Farm |
| 8:11 | Create | Villager (Male) |
| 8:14 | Build | Farm |
| 8:27 | Create | Villager (Male) |
| 8:32 | Build | House |
| 8:49 | Build | Farm |
| 9:07 | Create | Villager (Male) |
| 9:08 | Create | Villager (Male) |
| 9:27 | Build | Mining Camp |
| 9:47 | Build | House |
Build order — Reis
44 actions detected in the replay
| 0:03 | Create | Villager (Male) |
| 0:03 | Create | Villager (Male) |
| 0:06 | Build | House |
| 0:10 | Build | House |
| 0:24 | Research | Loom |
| 0:31 | Create | Villager (Male) |
| 0:32 | Create | Villager (Male) |
| 0:32 | Create | Villager (Male) |
| 0:32 | Create | Villager (Male) |
| 1:11 | Build | Palisade Wall |
| 1:52 | Create | Villager (Male) |
| 1:53 | Create | Villager (Male) |
| 2:34 | Create | Villager (Male) |
| 2:34 | Create | Villager (Male) |
| 2:54 | Build | Lumber Camp |
| 3:11 | Create | Villager (Male) |
| 3:12 | Create | Villager (Male) |
| 3:27 | Build | House |
| 3:37 | Create | Villager (Male) |
| 3:37 | Create | Villager (Male) |
| 3:58 | Create | Villager (Male) |
| 3:59 | Create | Villager (Male) |
| 4:34 | Create | Villager (Male) |
| 4:34 | Create | Villager (Male) |
| 5:06 | Create | Villager (Male) |
| 5:30 | Create | Villager (Male) |
| 5:30 | Create | Villager (Male) |
| 5:44 | Build | Mill |
| 5:50 | Create | Villager (Male) |
| 5:50 | Create | Villager (Male) |
| 6:05 | Build | House |
| 6:24 | Create | Villager (Male) |
| 6:24 | Create | Villager (Male) |
| 6:46 | Create | Villager (Male) |
| 6:47 | Create | Villager (Male) |
| 7:08 | Create | Villager (Male) |
| 7:08 | Create | Villager (Male) |
| 7:36 | Create | Villager (Male) |
| 7:37 | Create | Villager (Male) |
| 7:41 | Build | Mining Camp |
| 7:47 | Create | Villager (Male) |
| 7:48 | Create | Villager (Male) |
| 8:40 | Create | Villager (Male) |
| 8:41 | Create | Villager (Male) |
Build order — 小志
30 actions detected in the replay
| 0:04 | Build | House |
| 0:05 | Build | House |
| 0:15 | Create | Villager (Male) ×4 |
| 0:37 | Build | Palisade Wall |
| 1:35 | Build | Palisade Wall |
| 2:03 | Build | Palisade Wall |
| 2:10 | Build | Palisade Wall |
| 2:33 | Build | Mill |
| 2:51 | Build | House |
| 2:59 | Create | Villager (Male) |
| 2:59 | Create | Villager (Male) |
| 3:18 | Create | Villager (Male) |
| 3:39 | Build | House |
| 5:10 | Build | Palisade Wall |
| 5:21 | Create | Villager (Male) |
| 5:22 | Create | Villager (Male) |
| 5:24 | Create | Villager (Male) |
| 5:45 | Create | Villager (Male) |
| 5:45 | Create | Villager (Male) |
| 6:17 | Build | House |
| 6:40 | Create | Villager (Male) |
| 6:41 | Create | Villager (Male) |
| 7:08 | Build | Palisade Wall |
| 7:23 | Create | Villager (Male) |
| 7:23 | Create | Villager (Male) |
| 8:30 | Create | Villager (Male) |
| 8:43 | Build | Lumber Camp |
| 8:51 | Create | Villager (Male) |
| 9:34 | Create | Villager (Male) |
| 9:37 | Research | Feudal Age |
Build order — Cicinho
25 actions detected in the replay
| 0:07 | Build | House |
| 0:09 | Build | House |
| 0:10 | Build | House |
| 0:11 | Build | House |
| 0:17 | Create | Villager (Male) |
| 0:17 | Create | Villager (Male) |
| 0:18 | Create | Villager (Male) |
| 0:18 | Create | Villager (Male) |
| 0:18 | Create | Villager (Male) |
| 0:19 | Research | Loom |
| 2:31 | Create | Villager (Male) |
| 2:31 | Create | Villager (Male) |
| 3:49 | Create | Villager (Male) |
| 3:49 | Create | Villager (Male) |
| 3:49 | Create | Villager (Male) |
| 3:50 | Create | Villager (Male) |
| 6:25 | Create | Villager (Male) |
| 6:26 | Create | Villager (Male) |
| 6:26 | Create | Villager (Male) |
| 6:26 | Create | Villager (Male) |
| 6:27 | Create | Villager (Male) |
| 7:37 | Create | Villager (Male) |
| 7:38 | Create | Villager (Male) |
| 8:14 | Create | Villager (Male) |
| 8:14 | Create | Villager (Male) |
Build order — PAON
38 actions detected in the replay
| 0:02 | Create | Villager (Male) |
| 0:03 | Research | Loom |
| 0:03 | Create | Villager (Male) |
| 0:03 | Create | Villager (Male) |
| 0:29 | Build | House |
| 0:30 | Build | House |
| 0:33 | Build | House |
| 0:34 | Build | House |
| 0:37 | Build | House |
| 1:11 | Create | Villager (Male) |
| 1:12 | Create | Villager (Male) |
| 1:29 | Create | Villager (Male) |
| 2:25 | Create | Villager (Male) |
| 2:25 | Create | Villager (Male) |
| 2:44 | Create | Villager (Male) |
| 2:44 | Create | Villager (Male) |
| 3:20 | Create | Villager (Male) |
| 3:47 | Create | Villager (Male) |
| 3:48 | Create | Villager (Male) |
| 3:48 | Create | Villager (Male) |
| 4:19 | Create | Villager (Male) |
| 4:55 | Create | Villager (Male) |
| 4:55 | Create | Villager (Male) |
| 5:37 | Create | Villager (Male) |
| 5:37 | Create | Villager (Male) |
| 5:37 | Create | Villager (Male) |
| 6:21 | Create | Villager (Male) |
| 6:54 | Build | Mill |
| 6:56 | Create | Villager (Male) |
| 7:37 | Create | Villager (Male) |
| 7:42 | Build | Mule Cart |
| 8:03 | Create | Villager (Male) |
| 8:26 | Create | Villager (Male) |
| 8:54 | Create | Villager (Male) |
| 9:08 | Create | Villager (Male) |
| 9:27 | Build | Mill |
| 9:42 | Research | Feudal Age |
| 9:47 | Build | Mule Cart |
Match timeline
| 0:37 | 小志 · wall_segment Palisade Wall x4 |
| 1:11 | Reis · wall_segment Palisade Wall x14 |
| 1:35 | 小志 · wall_segment Palisade Wall x5 |
| 2:03 | 小志 · wall_segment Palisade Wall x2 |
| 2:10 | 小志 · wall_segment Palisade Wall x2 |
| 2:58 | DOGR14 · wall_segment Palisade Wall x4 |
| 5:10 | 小志 · wall_segment Palisade Wall x8 |
| 7:08 | 小志 · wall_segment Palisade Wall x1 |
| 9:07 | Reis · resign |
[ AI ANALYSIS · 1 CREDIT ]
What really happened in this match?
Wolo.gg analyzes every decision: build order, eco, micro, common mistakes by bracket. Personalized analysis on WhatsApp or Discord in 30 seconds.
Civ guide
Bohemians
Map guide
Black Forest
Perfil
DOGR14